 Dungeon Crawl Stone Soup version 0.28.0-49-g6dfe1f597d (webtiles) character file.

Game seed: 15439738755047728758

14 Gabide the Sneak (level 2, -4/25 HPs)
             Began as a Barachi Delver on May 18, 2022.
             Was an Initiate of Makhleb.
             Killed from afar by an orc wizard (5 damage)
             ... with a magic dart
             ... on level 6 of the Dungeon.
             The game lasted 00:09:16 (1271 turns).

Gabide the Sneak (Barachi Delver)                   Turns: 1271, Time: 00:09:17

Health: -4/25      AC:  5    Str: 13    XL:     2   Next: 41%
Magic:  2/2        EV: 11    Int: 10    God:    Makhleb [......]
Gold:   38         SH:  0    Dex: 13    Spells: 1/1 levels left

rFire   . . .      SeeInvis .   a - +0 falchion
rCold   . . .      Faith    .   (no shield)
rNeg    . . .      Spirit   .   h - +0 ring mail
rPois   .          Reflect  .   (no helmet)
rElec   .          Harm     .   (no cloak)
rCorr   .          Rampage  .   (no gloves)
Will    .....                   (no boots)
Stlth   ++........              (no amulet)
HPRegen 0.08/turn               (no ring)
MPRegen 0.08/turn               (no ring)

@: unable to hop, slow
A: amphibious, slowness 1, strong legs 1, +LOS
a: Hop, Renounce Religion


You were on level 6 of the Dungeon.
You worshipped Makhleb.
Makhleb was noncommittal.
You visited 1 branch of the dungeon, and saw 3 of its levels.

You collected 38 gold pieces.

Inventory:

Hand Weapons
 a - a +0 falchion (weapon)
Armour
 b - a +0 leather armour
 h - a +0 ring mail (worn)
Wands
 g - a wand of digging (3)
Scrolls
 c - a scroll of fog
Potions
 d - a potion of cancellation
 j - a potion of brilliance


   Skills:
 + Level 3.8 Fighting
 + Level 2.7 Long Blades
 * Level 1.3 Armour
 + Level 2.4 Dodging
 - Level 4.5 Stealth


You had one spell level left.
You didn't know any spells.
Your spell library was empty.

Dungeon Overview and Level Annotations

Branches:
Dungeon (7/15)
 Temple: D:4-7

Altars:
Makhleb

Annotations:
D:6 exclusion: scorpion, Blork the orc


Innate Abilities, Weirdness & Mutations

You are amphibious.
You cover ground slowly.
You can hop short distances.
You have an extended range of vision and can be seen from far away.


Message History

Deactivating autopickup; reactivate with Ctrl-A.
An orc comes into view. It is wielding a +0 flail.
The orc shouts!
An orc comes into view. It is wielding a +0 flail.
The orc shouts!
The orc hits you with a +0 falchion.
You feel less confused. The orc hits you with a +0 falchion.
The orc closely misses you.
The orc wizard points at you and mumbles some strange words.
You are confused.
The orc wizard gestures at you while chanting.
You are more confused.
Found a stone staircase leading down.
You're too confused to move!
You're too confused to move!
The orc hits you but does no damage. The orc warrior barely misses you.
The orc misses you. The orc hits you with a +0 flail.
The orc warrior closely misses you.
The orc wizard mumbles some strange words.
The orc wizard flickers and vanishes!
The orc warrior hits you from afar with a +0 glaive!
* * * LOW HITPOINT WARNING * * *
The orc hits you with a +0 flail.
* * * LOW HITPOINT WARNING * * *
You feel less confused. The orc closely misses you.
Something tries to affect you, but you resist.
The orc closely misses you.
Hop to where?
Press: ? - help, Dir - move target Boing!
Okay, then.
Okay, then.
The orc closely misses you. The orc barely misses you.
There is a stone staircase leading up here.
A magic dart appears from out of thin air!
The magic dart hits you.
You die...

*,#.#.#,#.#,,<*,,,,,,,,,,,
*,#.#.#,#.#,,,*,**,*,*****
*,#.#.#*#.#,,,*,**,*,*
*,#$...,..#...#,**,*,* *
*,#.)..,..#...#,**,*,* *
*,#.#.###.#...#,**,*,* *
*,#.#.#...#...#,#*,#,* *
#,#.#.#...#...#.##.*,* *
#.#.#.#.>@o.......,,,* *
#.#.#.#.o.o##.#.##,*,** *
#.......o.......#*,*,,* *
#######.####...##°###*,*,,*
* #.............o.#.#
*,*,,** *
#.#####.##.#.##{#.##
***,,,* *,* #.##.........#
*,,,* *,* #.##.######'##
*,,,* *,* #.##.# *,...#
*,,,*


You could see an orc warrior and 4 orcs.

Vanquished Creatures
  A hound zombie (D:5)
1 creature vanquished.

Notes
Turn   | Place    | Note
-------+----------+-------------------------------------------
     0 | D:5      | Gabide the Barachi Delver began the quest for the Orb.
     0 | D:5      | Reached XP level 1. HP: 18/18 MP: 1/1
    26 | D:5      | Reached skill level 1 in Armour
    26 | D:5      | Reached XP level 2. HP: 12/25 MP: 2/2
   292 | D:6      | Noticed a scorpion
   404 | D:6      | Noticed a scorpion
   555 | D:6      | Found a burning altar of Makhleb.
   558 | D:6      | Became a worshipper of Makhleb the Destroyer
   601 | D:6      | Noticed Blork the orc
   965 | D:6      | Noticed an ogre
   990 | D:5      | Noticed a black bear
  1107 | D:7      | Noticed an ogre
  1236 | D:6      | Noticed a gnoll sergeant
  1245 | D:6      | Noticed an orc warrior
  1262 | D:6      | HP: 1/25 [orc/+0 flail (5)]
  1271 | D:6      | Killed from afar by an orc wizard

Illustrated notes

Levels and vault maps discovered:
D:5:      layout_loops_ring, overflow_temple_1_default, minivault_26
D:6:      gammafunk_wand_slinger, layout_basic, general_overflow_altar,
          lemuel_flamethrower_1, uniq_blork_the_orc
D:7:      layout_loops_ring, bloody_trog, uniq_pikel

Skill      XL: |  1 |
---------------+----+-----
Armour         | 1 |  1.3
Fighting       | |  3.8
Long Blades    | |  2.7
Dodging        | |  2.4
Stealth        | |  4.5

Action                   || total
-------------------------++-------
Melee: Falchion          ||    12
 Abil: Hop               ||     6
  Use: Scroll            ||     5
       Potion            ||     1
 Stab: Sleeping          ||     1
Armor: Leather armour    ||     3
       Ring mail         ||     1
Dodge: Dodged            ||    11
